 Dungeon Crawl Stone Soup version 0.28-a0-1404-g4df0f3684d (webtiles) character file.

Game seed: 6314258716025270431

38 AttackTheMoon the Grave Robber (level 3, -1/16 HPs)
             Began as a Felid Necromancer on Jan 5, 2022.
             Slain by an adder (2 damage)
             ... on level 2 of the Dungeon.
             The game lasted 00:03:38 (2805 turns).

AttackTheMoon the Grave Robber (Felid Necromancer)  Turns: 2805, Time: 00:03:39

Health: -1/16      AC:  1    Str:  4    XL:     3   Next: 25%
Magic:  5/8        EV: 18    Int: 18    God:
Gold:   59         SH:  0    Dex: 16    Spells: 6/7 levels left
                                        Lives:  0   Deaths: 1

rFire   . . .      SeeInvis +   (weapon unavailable)
rCold   . . .      Faith    .   (shield unavailable)
rNeg    . . .      Spirit   .   (armour unavailable)
rPois   .          Reflect  .   (helmet unavailable)
rElec   .          Harm     .   (cloak unavailable)
rCorr   .          Rampage  .   (gloves unavailable)
Will    .....                   (boots unavailable)
Stlth   ++........              (no amulet)
HPRegen 0.05/turn               (no ring)
MPRegen 0.11/turn               (no ring)

@: lethally poisoned (-1 -> -3), quick
A: very small, claws 1, fangs 3, see invisible, speed 1, shaggy fur 1, stealthy
paws, no weapons or thrown items, no armour, multi-lived, horns 1, subdued magic
1
a: no special abilities


You were on level 2 of the Dungeon.
You visited 1 branch of the dungeon, and saw 3 of its levels.

You collected 59 gold pieces.

Inventory:

Scrolls
 d - a scroll of amnesia
Potions
 a - a potion of cancellation


   Skills:
 + Level 1.6 Fighting
 + Level 3.7 Dodging
 - Level 2.6 Stealth
 + Level 2.7 Spellcasting
 + Level 4.5 Necromancy


You had 6 spell levels left.
You knew the following spells:

 Your Spells              Type           Power      Damage    Failure   Level
a - Pain                  Necr           56%        1d6       1%          1

Your spell library contained the following spells:

 Spells                   Type           Power      Damage    Failure   Level
 Animate Skeleton         Necr           28%        N/A       1%          1
 Vampiric Draining        Necr           14%        2d7       6%          3
 Animate Dead             Necr           7%         N/A       22%         4
 Agony                    Necr           14%        N/A       54%         5


Dungeon Overview and Level Annotations

Branches:
Dungeon (3/15)

Altars:
Beogh


Innate Abilities, Weirdness & Mutations

You have sharp claws.
You have razor-sharp teeth.
You have supernaturally acute eyesight. (SInv)
You cover ground quickly. (Speed+)
You are covered in fur. (AC +1)
Your paws help you pounce on unaware monsters.
You are incapable of wielding weapons or throwing items.
You cannot wear armour.
You gain extra lives every three experience levels.
You have a pair of small horns on your head.
Your spells are a little easier to cast, but a little less powerful.


Message History

The orc misses you. The orc closely misses you.
It was a potion of flight.
You feel very buoyant.
You fly up into the air.
The orc barely misses you. x2
It was a potion of mutation.
You feel extremely strange.
Your connection to magic feels subdued.
A pair of horns grows on your head! The orc barely misses you.
The orc hits you with a +0 club.
You die...
You are now level 3!
You rejoin the land of the living...
No target in view!
Okay, then.
The orc barely resists.
The orc writhes in agony.
The orc closely misses you.
The orc barely resists.
The orc closely misses you.
The orc writhes in agony.
You kill the orc!
The adder completely misses you.
The adder writhes in agony.
The adder bites you.
You are too injured to fight recklessly!
You are too injured to fight recklessly!
You are too injured to fight recklessly!
You scratch the adder but do no damage.
The adder is heavily wounded.
The adder bites you.
You are lethally poisoned!
The adder poisons you!
You scratch the adder. You headbutt the adder.
The adder is almost dead.
* * * LOW HITPOINT WARNING * * *
You feel sick. The adder closely misses you. x2
You barely miss the adder.
The adder is almost dead.
* * * LOW HITPOINT WARNING * * *
You feel sick. The adder closely misses you.
You miss the adder. Your bite misses the adder.
The adder is almost dead.
* * * LOW HITPOINT WARNING * * *
You feel sick. The adder bites you.
You die...

#.##≈# #.# #.##≈# #.#
##########.##≈##########.#######
#.......)...(≈..................
#.########.#.≈..#######.########
#.# #.#.≈.## #.# #S# #.#####
######.#
#.########.#######...##.#
#>....)......oS@##...##.#
########.#.####.##...##.# #.#.#
#.##...##.# #.#.#
#.##...##.##### #.#.#
#..+...'......# #.#.#
##.#...##.###.# #.#.# #.#...##.#
#.# #.#.# #.....##.# #.####
#.#.# #..#####.# #.#...


You could see an adder and an orc.

Vanquished Creatures
  Natasha (D:2)
  An adder (D:2)
  3 dart slugs (D:1)
  3 orcs
  3 endoplasms
  5 giant cockroaches
  5 goblins
  5 hobgoblins
  2 quokkas
  4 ball pythons (D:1)
  4 frilled lizards
  2 kobolds (D:1)
  2 rats
40 creatures vanquished.

Notes
Turn   | Place    | Note
-------+----------+-------------------------------------------
     0 | D:1      | AttackTheMoon the Felid Necromancer began the quest for the
                  | Orb.
     0 | D:1      | Reached XP level 1. HP: 7/7 MP: 4/4
   678 | D:1      | Reached XP level 2. HP: 12/12 MP: 6/6
  1406 | D:1      | Reached skill level 1 in Fighting
  1764 | D:1      | Reached XP level 3. HP: 11/15 MP: 3/7
  1847 | D:1      | Found a faded altar of an unknown god.
  2302 | D:2      | Noticed Natasha
  2307 | D:2      | Killed Natasha
  2308 | D:2      | Reached XP level 4. HP: 14/19 MP: 3/9
  2784 | D:2      | Gained mutation: Your spells are a little easier to cast,
                  | but a little less powerful. [potion of mutation]
  2784 | D:2      | Gained mutation: You have a pair of small horns on your
                  | head. [potion of mutation]
  2784 | D:2      | Slain by an orc
  2785 | D:2      | Reached XP level 3. HP: -1/15 MP: 3/8
  2805 | D:2      | Slain by an adder

Illustrated notes

Levels and vault maps discovered:
D:1:      dpeg_arrival_windows_large_door, layout_rooms,
          hellmonk_ecumenical_altar_defaced_shrine, minmay_heptomino_d4
D:2:      layout_basic, serial_rivers, chequers_serial_rivers_micro_b,
          chequers_serial_rivers_micro_c, chequers_serial_rivers_micro_c,
          chequers_serial_rivers_micro_c, uniq_natasha
D:3:      layout_rooms, overflow_temple_1_default, led_xom_imps,
          kennysheep_orc_chapel, uniq_terence, uniq_robin, uniq_sigmund

Skill      XL: |  1  2 |
---------------+-------+-----
Dodging        | 3 |  3.7
Fighting       | 1 |  1.6
Stealth        | |  2.6
Spellcasting   | |  2.7
Necromancy     | |  4.5

Action                   |  1- 3 |  4- 6 || total
-------------------------+-------+-------++-------
Melee: Unarmed           |    58 |    16 ||    74
       Punch             |     2 |       ||     2
       Bite              |     3 |       ||     3
       Headbutt          |     1 |       ||     1
 Cast: Pain              |    42 |    11 ||    53
  Use: Scroll            |     1 |     1 ||     2
       Potion            |       |     2 ||     2
 Stab: Sleeping          |     3 |     2 ||     5
Armor: Skin              |     3 |     3 ||     6
Dodge: Dodged            |    53 |    24 ||    77

Table legend: (Time is in decaauts)
 A = Elapsed time spent in this place.
 B = Non-inter-level travel time spent in this place.
 C = Inter-level travel time spent in this place.
 D = Time resting spent in this place.
 E = Time spent auto-exploring this place.
 F = Levels seen in this place.
 G = Mean time per level.
                   A        B        C        D        E       F      G
               +--------+--------+--------+--------+--------+-----+--------+
         Total |   2609 |   2586 |     23 |      6 |   2313 |   3 |  869.7 |
       Dungeon |   2609 |   2586 |     23 |      6 |   2313 |   3 |  869.7 |
               +--------+--------+--------+--------+--------+-----+--------+

Top non-repeatable levels by time:
     D:1: 1832 daAuts
     D:2: 768 daAuts
     D:3: 8 daAuts
